 Dungeon Crawl Stone Soup version 0.29.0-13-gc9e81de378 (webtiles) character file.

Game seed: 13891098454299069449

469 Persephone the Skirmisher (level 6, -1/34 HPs)
             Began as a Deep Elf Hunter on Sept 7, 2022.
             Was an Initiate of Okawaru.
             Slain by an ice beast (14 damage)
             ... on level 5 of the Dungeon.
             The game lasted 00:05:25 (3743 turns).

Persephone the Skirmisher (Deep Elf Hunter)         Turns: 3743, Time: 00:05:26

Health: -1/34      AC:  5    Str:  8    XL:     6   Next: 82%
Magic:  8/8        EV: 12    Int: 14    God:    Okawaru [......]
Gold:   159        SH:  0    Dex: 20    Spells: 5/5 levels left

rFire   . . .      SeeInvis .   a - +0 shortbow
rCold   . . .      Faith    .   (shield currently unavailable)
rNeg    . . .      Spirit   .   c - +0 leather armour
rPois   .          Reflect  .   (no helmet)
rElec   .          Harm     .   n - +0 cloak
rCorr   .          Rampage  .   e - +0 pair of gloves
Will    .....      Rage     3%  (no boots)
Stlth   ++........              (no amulet)
HPRegen 0.11/turn               (no ring)
MPRegen 0.11/turn               (no ring)

@: no status effects
A: berserk 1
a: Renounce Religion


You were on level 5 of the Dungeon.
You worshipped Okawaru.
Okawaru was noncommittal.
You visited 2 branches of the dungeon, and saw 6 of its levels.

You collected 159 gold pieces.

Inventory:

Hand Weapons
 a - a +0 shortbow (weapon)
Armour
 c - a +0 leather armour (worn)
 e - a +0 pair of gloves (worn)
 n - a +0 cloak (worn)
Jewellery
 d - an amulet of regeneration
Wands
 l - a wand of roots (10)
Scrolls
 b - a scroll of immolation
 f - a scroll of vulnerability
 g - a scroll of teleportation
 k - 3 scrolls of identify
 o - a scroll of poison
Potions
 h - a potion of magic
 j - 2 potions of curing {unknown}
 p - a potion of berserk rage {unknown}


   Skills:
 - Level 1.5 Fighting
 + Level 10.8 Ranged Weapons
 - Level 2.4 Dodging
 - Level 1.2 Stealth


You had 5 spell levels left.
You didn't know any spells.
Your spell library contained the following spells:

 Spells                   Type           Power      Damage    Failure   Level
 Sting                    Tmut/Pois      0%         1d3       38%         1
 Poisonous Vapours        Pois/Air       0%         N/A       54%         2
 Olgreb's Toxic Radiance  Pois           0%         N/A       99%         4


Dungeon Overview and Level Annotations

Branches:
Dungeon (5/15)             Temple (1/1) D:4

Altars:
Ashenzari
Cheibriados
Dithmenos
Elyvilon
Fedhas
Gozag
Hepliaklqana
Kikubaaqudgha
Makhleb
Nemelex Xobeh
Okawaru
Qazlal
Sif Muna
Trog
Uskayaw
Vehumet
Zin


Innate Abilities, Weirdness & Mutations

You sometimes lose your temper in combat.


Message History

There is a stone staircase leading down here.
You climb downwards.
Found a book of Callings and a scroll of teleportation.
Found a stone staircase leading up.
There is a stone staircase leading up here.
An ice beast is nearby!
An ice beast is nearby!
You shoot an arrow. The arrow hits the ice beast.
The ice beast is lightly wounded.
You hear a shout! x3
You shoot an arrow.
The arrow completely misses the ice beast.
You shoot an arrow. The arrow hits the ice beast.
The ice beast is moderately wounded.
An ufetubus comes into view.
You shoot an arrow. The arrow hits the ufetubus!
You kill the ufetubus!
Okawaru accepts your kill.
You shoot an arrow. The arrow barely misses the ice beast.
You shoot an arrow. The arrow hits the ice beast.
The ice beast is heavily wounded.
An orc comes into view. It is wielding a +0 whip.
A gnoll comes into view. It is wielding a +0 club.
The ice beast hits you. The ice beast freezes you!
You shoot an arrow. The arrow hits the ice beast!
The ice beast is almost dead.
A gnoll comes into view. It is wielding a +0 club.
The ice beast hits you but does no damage.
You shoot an arrow. The gnoll shouts!
The arrow hits the ice beast but does no damage.
The ice beast is severely wounded.
The ice beast hits you but does no damage.
You shoot an arrow. The arrow closely misses the ice beast.
The ice beast hits you. The ice beast freezes you!
You are too injured to fight recklessly!
You are too injured to fight recklessly!
You are too injured to fight recklessly!
The ice beast hits you. The ice beast freezes you!
You die...

##.... .##...#
..##... .
?.⌠#... #.# .
##..< ... .##
... ..
##...#.##.###.#
#......@.g.....
...##..Y..og...
#........:.
##.........
.........g
##.........
#.........
#.........


You could see an ice beast, 3 gnolls and an orc.

Vanquished Creatures
  Menkaure (D:4)
  An ice beast (D:4)
  An ogre (D:4)
  An orc wizard (D:4)
  7 adders
  An ufetubus (D:5)
  3 worms
  A dart slug (D:3)
  3 orcs (D:4)
  6 ball pythons
  3 endoplasms
  A giant cockroach (D:2)
  10 goblins
  3 hobgoblins
  5 jackals
  A quokka (D:2)
  5 bats
  6 frilled lizards
  8 kobolds
  6 rats
73 creatures vanquished.

Notes
Turn   | Place    | Note
-------+----------+-------------------------------------------
     0 | D:1      | Persephone the Deep Elf Hunter began the quest for the Orb.
     0 | D:1      | Reached XP level 1. HP: 12/12 MP: 3/3
   656 | D:1      | Reached XP level 2. HP: 16/16 MP: 4/4
   667 | D:1      | Reached skill level 6 in Ranged Weapons
   846 | D:2      | Found a burning altar of Makhleb.
   986 | D:2      | Reached XP level 3. HP: 20/20 MP: 5/5
  1025 | D:2      | Reached skill level 7 in Ranged Weapons
  1411 | D:3      | Reached XP level 4. HP: 25/25 MP: 6/6
  1907 | D:3      | Reached skill level 8 in Ranged Weapons
  2004 | D:4      | Noticed an ice beast
  2014 | D:4      | Killed an ice beast
  2015 | D:4      | Reached skill level 9 in Ranged Weapons
  2015 | D:4      | Reached XP level 5. HP: 29/29 MP: 7/7
  2060 | D:4      | Noticed an ogre
  2066 | D:4      | Killed an ogre
  2067 | D:4      | Reached XP level 6. HP: 34/34 MP: 8/8
  2478 | D:4      | Noticed Menkaure
  2483 | D:4      | Killed Menkaure
  2484 | D:4      | Reached skill level 10 in Ranged Weapons
  2582 | D:4      | Gained mutation: Your magical capacity is low. (-10% MP)
                  | [potion of mutation]
  2829 | D:4      | Lost mutation: Your magical capacity is low. (-10% MP)
                  | [potion of mutation]
  2829 | D:4      | Gained mutation: You sometimes lose your temper in combat.
                  | [potion of mutation]
  2969 | D:4      | Found a staircase to the Ecumenical Temple.
  3031 | Temple   | Entered the Ecumenical Temple
  3114 | Temple   | Became a worshipper of Warmaster Okawaru
  3733 | D:5      | Entered Level 5 of the Dungeon
  3733 | D:5      | Noticed an ice beast
  3743 | D:5      | Slain by an ice beast

Illustrated notes

Levels and vault maps discovered:
D:1:      dpeg_arrival_long_road, layout_loops_corners
D:2:      layout_basic, basic_altar
D:3:      layout_basic
D:4:      layout_layer_cave, minmay_temple_entry_slanted, uniq_menkaure
D:5:      layout_rooms, hellmonk_ghost_happy_afterlife, uniq_crazy_yiuf_cottage
Temple:   nicolae_temple_bog_church

Skill      XL: |  1  2  3  4  5  6 |
---------------+-------------------+-----
Ranged Weapons | 6 7 9 10 | 10.8
Fighting       | |  1.5
Dodging        | |  2.4
Stealth        | |  1.2

Action                   |  1- 3 |  4- 6 || total
-------------------------+-------+-------++-------
 Fire: Shortbow          |    90 |   135 ||   225
  Use: Scroll            |       |     5 ||     5
       Potion            |       |     2 ||     2
Armor: Leather armour    |     5 |    18 ||    23
Dodge: Dodged            |    16 |    13 ||    29
